 Dungeon Crawl Stone Soup version bcrawl-1.27.5 (webtiles) character file.

Game seed: 10881048132884212178

170359 Faustar the Cudgeler (level 6, -6/53 HPs)
             Began as a Sand Dwarf Sloth Apostle on Sept 2, 2020.
             Was a Follower of Cheibriados.
             Mangled by Edmund
             ... wielding a +4 dire flail of draining
              (10 damage)
             ... on level 3 of the Dungeon.
             The game lasted 00:07:47 (3413 turns).

Faustar the Cudgeler (Sand Dwarf Sloth Apostle)     Turns: 3413, Time: 00:07:48

Health: -6/53      AC:  6    Str: 22    XL:     6   Next: 61%
Magic:  7/7        EV: 20    Int: 20    God:    Cheibriados [*.....]
Gold:   199        SH:  0    Dex: 18    Spells: 6/7 levels left

rFire    . . .     SeeInvis .   a - +1 mace
rCold    . . .     Gourm    .   (shield restricted)
rNeg     . . .     Faith    .   k - +0 scale mail
rPois    .         Spirit   .   (helmet restricted)
rElec    .         Reflect  .   (no cloak)
rCorr    .         Harm     .   (no gloves)
MR       .....                  (no boots)
Stlth    +.........             (no amulet)
HPRegen  0.17/turn              n - +4 ring of evasion
MPRegen  0.10/turn              u - +5 ring of intelligence

@: agile, very slightly contaminated, heavily drained, invisible, very slow
A: small, antennae 1, sense surroundings 1, slowness 1, armour attunement
a: Bend Time, Renounce Religion


You were on level 3 of the Dungeon.
You worshipped Cheibriados.
Cheibriados was aware of your devotion.
You were hungry.

You visited 1 branch of the dungeon, and saw 4 of its levels.

You collected 199 gold pieces.

Inventory:

Hand Weapons
 a - a +1 mace (weapon)
 r - a -1 club
Armour
 b - a +0 robe
 c - a +0 medium shield
 k - a +0 scale mail (worn)
 m - a +0 buckler
Jewellery
 n - a +4 ring of evasion (left hand)
 u - a +5 ring of intelligence (right hand)
Scrolls
 d - a scroll of remove curse
 o - 2 scrolls of identify
 p - 2 scrolls of immolation
 s - a scroll of magic mapping
Potions
 g - a potion of haste {unknown}
 h - a potion of agility
 i - 3 potions of flight {unknown}
 j - a potion of mutation
 l - 2 potions of curing
 t - a potion of invisibility
Comestibles
 e - 6 rations {!d}
 w - 2 chunks of flesh


   Skills:
 + Level 4.5(2.3) Fighting
 + Level 5.5(3.3) Maces & Flails
 * Level 4.7(2.6) Armour
 - Level 2.4(0.4) Stealth
 - Level 2.7(0.7) Shields
 - Level 1.0(0.0) Spellcasting
 - Level 0.7(0.0) Hexes
   Level 1.3(0.0) Evocations


You had 6 spell levels left.
You knew the following spells:

 Your Spells              Type           Power        Failure   Level  Hunger
a - Slow                  Hex            #.......     19%         1    None

Your spell library contained the following spells:

 Spells                   Type           Power        Failure   Level  Hunger
 Corona                   Hex            #......      19%         1    None
 Ensorcelled Hibernation  Hex/Ice        #.....       28%         2    ####...
 Confuse                  Hex            #.......     50%         3    #####..
 Dazzling Orbs            Conj/Hex       #......      50%         3    #####..
 Tukima's Dance           Hex            #.......     50%         3    #####..


Dungeon Overview and Level Annotations

Branches:
Dungeon (4/12)
 Temple: D:4-7

Altars:

Annotations:
D:3 Edmund
D:4 Maksi666's ghost, amateur DgHu


Innate Abilities, Weirdness & Mutations

You are small and have problems with some larger weapons.
You cover ground slowly.
Armour does not affect your spellcasting.
You have a pair of small antennae on your head.
You passively map a small area around you.


Message History

You hit Edmund but do no damage. Edmund misses you.
You barely miss Edmund.
Edmund hits you with a +4 dire flail of draining!
* * * LOW HITPOINT WARNING * * *
You feel drained.
* * * LOW HITPOINT WARNING * * *
You closely miss Edmund. Edmund misses you.
You are feeling hungry.
You thump Edmund!
Edmund is lightly wounded.
Edmund barely misses you.
You catch the helpless Edmund completely off-guard!
You hit Edmund but do no damage.
Edmund is lightly wounded.
Edmund misses you.
You hit Edmund.
Edmund is moderately wounded.
Edmund hits you with a +4 dire flail of draining!
You die...

#################
#................
#.#########....## ######
#.# #...... #....#
#.#############.. #....#
#.#...........'.. #....#
#.#.###########..
###....###.#.#............
#........@@...............
#.##...###.#...<.########'
#.#.....##.#####.# #.
#.#.###.##.#.....# #. #.#.#
#.##.#.##### #. #.#.#
#.#..#.# #. ##'#'###.#..#.#
#.
#.)...##.#..#.############.
#.....##.)...............'.


You could see Edmund.

Vanquished Creatures
  Sigmund (D:2)
  An orc priest (D:3)
  An orc wizard (D:4)
  Terence (D:2)
  Natasha (D:3)
  An adder (D:3)
  2 oozes (D:2)
  3 worms
  4 dart slugs
  4 leopard geckos
  8 orcs
  A ball python (D:2)
  3 bats
  2 giant cockroaches (D:1)
  3 goblins
  7 hobgoblins
  2 jackals (D:3)
  5 kobolds
  5 rats
55 creatures vanquished.

Notes
Turn   | Place    | Note
-------+----------+-------------------------------------------
     0 | D:1      | Faustar the Sand Dwarf Sloth Apostle began the quest for
                  | the Orb.
     0 | D:1      | Reached XP level 1. HP: 18/18 MP: 2/2
   349 | D:1      | Reached XP level 2. HP: 18/25 MP: 3/3
   376 | D:1      | HP: 1/25 [worm (5)]
  1079 | D:2      | Reached XP level 3. HP: 29/30 MP: 4/4
  1194 | D:2      | Noticed Terence
  1204 | D:2      | Killed Terence
  1204 | D:2      | Reached skill level 1 in Armour
  1243 | D:2      | Reached skill level 4 in Maces & Flails
  1243 | D:2      | Reached XP level 4. HP: 38/38 MP: 5/5
  1584 | D:2      | Reached * piety under Cheibriados
  1595 | D:2      | Noticed Sigmund
  1604 | D:2      | Killed Sigmund
  1604 | D:2      | Reached skill level 5 in Maces & Flails
  1604 | D:2      | Reached XP level 5. HP: 46/46 MP: 6/6
  1604 | D:2      | Reached XP level 6. HP: 52/52 MP: 7/7
  2458 | D:3      | Noticed Natasha
  2489 | D:3      | Killed Natasha
  2753 | D:3      | HP: 2/53 [orc priest/divine providence (12)]
  3302 | D:4      | Noticed an orc warrior
  3305 | D:4      | Noticed Edmund
  3312 | D:4      | Noticed Maksi666's ghost (amateur DgHu)
  3403 | D:3      | Gained mutation: You passively map a small area around you.
                  | [potion of mutation]
  3403 | D:3      | Gained mutation: You are agile. (Dex +2) [potion of
                  | mutation]
  3403 | D:3      | Lost mutation: You are agile. (Dex +2) [potion of mutation]
  3403 | D:3      | Gained mutation: You have a pair of small antennae on your
                  | head. [potion of mutation]
  3413 | D:3      | Mangled by Edmund

Skill      XL: |  1  2  3  4  5  6 |
---------------+-------------------+-----
Fighting       | 3 4 |  4.5
Armour         | 1 3 4 |  4.7
Maces & Flails | 4 5 |  5.5
Stealth        | |  2.4
Shields        | |  2.7
Spellcasting   | |  1.0
Hexes          | |  0.7
Evocations     | |  1.3

Action                   |  1- 3 |  4- 6 || total
-------------------------+-------+-------++-------
Melee: Mace              |    92 |    47 ||   139
       Club              |       |   136 ||   136
Evoke: Wand              |     3 |     7 ||    10
  Use: Scroll            |       |     8 ||     8
       Potion            |       |     5 ||     5
 Stab: Sleeping          |     1 |       ||     1
       Paralysed         |     6 |    13 ||    19
       Invisible         |       |     1 ||     1
  Eat: Chunk             |     5 |     9 ||    14
Armor: Scale mail        |    32 |    62 ||    94
       Robe              |     1 |       ||     1
Dodge: Dodged            |    56 |   129 ||   185
